 Dungeon Crawl Stone Soup version 0.26.0-18-gc5c842f807 (webtiles) character file.

Game seed: 2145350506233403936

317 kaeus the Firebug (level 6, -6/32 HPs)
             Began as a Gargoyle Fire Elementalist on Jan 23, 2021.
             Mangled by Menkaure (11 damage)
             ... on level 4 of the Dungeon.
             The game lasted 00:10:44 (5309 turns).

kaeus the Firebug (Gargoyle Fire Elementalist)      Turns: 5309, Time: 00:10:45

Health: -6/32      AC: 16    Str: 14    XL:     6   Next: 44%
Magic:  8/10       EV:  6    Int: 17    God:
Gold:   155        SH:  0    Dex: 14    Spells: 10/11 levels left

rFire    . . .     SeeInvis .   j - +4 dagger (drain)
rCold    . . .     Faith    .   (no shield)
rNeg     + . .     Spirit   .   c - +0 chain mail of the Blessed Realm {rPois Str+2 Dex+4} (curse)
rPois    ∞         Reflect  .   (no helmet)
rElec    +         Harm     .   m - +2 cloak
rCorr    .         Rampage  .   p - +0 pair of gloves
Will     .....                  (no boots)
Stlth    ..........             (no amulet)
HPRegen  0.10/turn              (no ring)
MPRegen  0.12/turn              (no ring)

@: flying, very slightly contaminated, invisible
A: negative energy resistance 1, electricity resistance, unbreathing,
petrification resistance, miasma immunity, AC +4
a: no special abilities


You were on level 4 of the Dungeon.
You visited 1 branch of the dungeon, and saw 4 of its levels.
You also visited: Sewer.

You collected 155 gold pieces.

Inventory:

Hand Weapons
 d - a +2 dagger of flaming
 j - a +4 dagger of draining (weapon)
Armour
 a - a +0 robe
 c - the cursed +0 chain mail of the Blessed Realm (worn) {rPois Str+2 Dex+4}
   (You found it on level 4 of the Dungeon)

   It affects your strength (+2).
   It affects your dexterity (+4).
   It protects you from poison.
   It has a curse placed upon it.
 h - a scarf of harm
 m - a +2 cloak (worn)
 p - a +0 pair of gloves (worn)
Wands
 u - a wand of digging (5)
Scrolls
 e - 4 scrolls of identify
 f - 2 scrolls of teleportation
 l - a scroll of fog
 q - a scroll of fear
Potions
 b - a potion of attraction {unknown}
 g - 3 potions of invisibility
 i - a potion of curing
 k - a potion of haste {unknown}
 n - 2 potions of heal wounds {unknown}
 o - a potion of berserk rage {unknown}
 r - 2 potions of flight
 t - a potion of resistance {unknown}


   Skills:
 * Level 1.2 Armour
 - Level 1.5 Dodging
 - Level 2.1 Stealth
 + Level 3.1 Spellcasting
 * Level 4.2 Conjurations
 * Level 4.9 Fire Magic


You had 10 spell levels left.
You knew the following spells:

 Your Spells              Type           Power        Failure   Level
a - Foxfire               Conj/Fire      72%          58%         1

Your spell library contained the following spells:

 Spells                   Type           Power        Failure   Level
 Conjure Flame            Conj/Fire      18%          91%         3
 Inner Flame              Hex/Fire       11%          99%         3
 Sticky Flame             Conj/Fire      18%          100%        4
 Fireball                 Conj/Fire      9%           100%        5


Dungeon Overview and Level Annotations

Branches:
Dungeon (4/15)              Sewer (visited)
 Temple: D:4-7

Altars:
Ashenzari
Gozag
Qazlal
Sif Muna
Uskayaw
Wu Jian

Shops:
D:4 =

Annotations:
D:4 Menkaure


Innate Abilities, Weirdness & Mutations

You are resistant to torment.
Your stone body is resilient. (AC +4)
You are immune to poison.
You resist negative energy. (rN+)
You are resistant to electric shocks. (rElec)
You can survive without breathing.
You are immune to petrification.
You are immune to miasma.


Message History

You take 4 damage, and have 7/32 hp.
It was a potion of flight.
You feel very buoyant.
You fly up into the air.
The phantom hits you but does no damage.
Menkaure hits you.
* * * LOW HITPOINT WARNING * * *
You take 2 damage, and have 5/32 hp.
You feel better.
The phantom hits you but does no damage.
Menkaure hits you but does no damage.
You regained 7 hp, and now have 12/32 hp.
It was a potion of invisibility.
You fade into invisibility!
Menkaure hits you!
* * * LOW HITPOINT WARNING * * *
The phantom closely misses you.
You take 7 damage, and have 5/32 hp.
MASSIVE DAMAGE!!
Menkaure hits you!
You die...

#.###### # #...... #. #.....# #
###.##.....#.## #.#
.............# #.#
#.#.......... #.# #...M.......#
#.# #..@.....# #.# ##W#...###
#.# #.#...# ##.. #.#######
#.##### #.....# #.##....####'##
#.....# #.............## .....
# ###....###.....## ###... #
##..8..._...8...## ##.##.# #
##...(...)........####...#.####


You could see a phantom and Menkaure (fast).

Vanquished Creatures
  A scorpion (D:4)
  Terence (D:3)
  An orc wizard (D:3)
  An iguana (D:4)
  A worker ant (D:4)
  6 adders
  4 oozes
  A worm (D:2)
  4 dart slugs
  3 leopard geckos
  6 orcs (D:3)
  9 bats
  5 giant cockroaches
  5 hobgoblins
  12 jackals
  A ball python skeleton (D:4)
  4 frilled lizards
  6 goblins
  3 kobolds
  A leopard gecko skeleton (D:4)
  5 rats
80 creatures vanquished.

Vanquished Creatures (others)
  An ooze (D:2)
  A bat (D:2)
  164 foxfires
166 creatures vanquished.

Grand Total: 246 creatures vanquished

Notes
Turn   | Place    | Note
-------+----------+-------------------------------------------
     0 | D:1      | kaeus the Gargoyle Fire Elementalist began the quest for
                  | the Orb.
     0 | D:1      | Reached XP level 1. HP: 10/10 MP: 3/3
   382 | D:1      | Reached XP level 2. HP: 14/15 MP: 0/5
  1362 | D:1      | Reached XP level 3. HP: 17/19 MP: 3/6
  2023 | D:2      | Found a stormy altar of Qazlal.
  2160 | D:2      | Reached XP level 4. HP: 23/24 MP: 4/7
  2217 | D:2      | Found a shimmering blue altar of Sif Muna.
  2625 | D:2      | Found a broken altar of Ashenzari.
  2626 | D:2      | Found an ornate altar of the Wu Jian Council.
  3287 | D:3      | Reached XP level 5. HP: 28/28 MP: 5/9
  3326 | D:3      | Found a faded altar of an unknown god.
  3767 | D:3      | Noticed Terence
  3781 | D:3      | Killed Terence
  3989 | D:4      | Found a hide-covered altar of Uskayaw.
  4033 | D:4      | Got a polished chain mail
  4044 | D:4      | Identified the cursed +0 chain mail of the Blessed Realm
                  | {rPois Str+2 Dex+4} (You found it on level 4 of the
                  | Dungeon)
  4276 | D:4      | Found an opulent altar of Gozag.
  4363 | D:4      | Found Lybuw's Jewellery Shoppe.
  4396 | D:4      | Reached skill level 1 in Armour
  4396 | D:4      | Reached XP level 6. HP: 30/32 MP: 10/10
  4411 | D:4      | Found a glowing drain.
  4440 | Sewer    | Entered a sewer
  5288 | D:4      | Noticed Menkaure
  5291 | D:4      | Noticed a phantom
  5309 | D:4      | Mangled by Menkaure

Illustrated notes

Levels and vault maps discovered:
D:1:      dpeg_arrival_rooms_a, layout_basic
D:2:      layout_loops_corners, led_sif_pool, gammafunk_temple_overflow_pools,
          hangedman_abyss_or_decor_lesser_grid, grunt_qazlal_clouds
D:3:      wad_pebble_path, layout_basic, chequers_ecumenical_altar_grove,
          nrook_campfire, uniq_terence
D:4:      layout_loops_corners, eat_drink_and_be_merry_uskayaw, temple_green,
          gup_sewer_entry_glass, serial_shops, kennysheep_mini,
          grunt_gozag_statues, uniq_menkaure

Skill      XL: |  1  2  3  4  5 |
---------------+----------------+-----
Conjurations   | 2 3 4 |  4.2
Fire Magic     | 4 |  4.9
Armour         | 1 |  1.2
Spellcasting   | 3 |  3.1
Dodging        | |  1.5
Stealth        | |  2.1

Action                   |  1- 3 |  4- 6 || total
-------------------------+-------+-------++-------
Melee: Spear             |    31 |       ||    31
       Dagger            |    18 |   113 ||   131
 Cast: Foxfire           |    51 |    59 ||   110
Evoke: Wand              |       |     1 ||     1
  Use: Scroll            |       |     8 ||     8
       Potion            |       |     6 ||     6
Armor: Robe              |    24 |    18 ||    42
       Chain mail        |       |    87 ||    87
Dodge: Dodged            |    53 |    98 ||   151
